 Dungeon Crawl Stone Soup version 0.29-a0-477-g62b78b4225 (webtiles) character file.

Game seed: 10539128366300248023

237 Infinimo the Cudgeller (level 5, -1/41 HPs)
             Began as a Demonspawn Gladiator on May 24, 2022.
             Slain by a gnoll
             ... wielding a +0 club
              (4 damage)
             ... on level 3 of the Dungeon.
             The game lasted 00:04:10 (3322 turns).

Infinimo the Cudgeller (Demonspawn Gladiator)       Turns: 3322, Time: 00:04:10

Health: -1/41      AC:  4    Str: 14    XL:     5   Next: 77%
Magic:  5/5        EV: 13    Int: 12    God:
Gold:   72         SH:  0    Dex: 14    Spells: 4/4 levels left

rFire   . . .      SeeInvis .   u - +2 dagger (venom)
rCold   . . .      Faith    .   (no shield)
rNeg    . . .      Spirit   .   b - +0 leather armour
rPois   .          Reflect  .   c - +0 helmet
rElec   .          Harm     .   (no cloak)
rCorr   .          Rampage  .   (no gloves)
Will    .....                   (no boots)
Stlth   +.........              (no amulet)
HPRegen 0.13/turn               (no ring)
MPRegen 0.09/turn               (no ring)

@: no status effects
A: spiny 1
a: no special abilities


You were on level 3 of the Dungeon.
You visited 1 branch of the dungeon, and saw 3 of its levels.

You collected 160 gold pieces.
You spent 88 gold pieces at shops.

Inventory:

Hand Weapons
 a - a +0 flail
 u - a +2 dagger of venom (weapon)
Missiles
 d - 3 throwing nets (quivered)
 e - a javelin
Armour
 b - a +0 leather armour (worn)
 c - a +0 helmet (worn)
Jewellery
 k - a ring of magical power
Scrolls
 i - a scroll of fog
Potions
 f - 2 potions of lignification {unknown}
 g - 4 potions of curing
 h - a potion of cancellation
 j - 2 potions of magic
 n - a potion of mutation
 q - a potion of degeneration
 r - a potion of attraction
 t - 2 potions of berserk rage {unknown}


   Skills:
 + Level 3.4 Fighting
 * Level 4.6 Maces & Flails
 - Level 1.7 Throwing
 + Level 3.8 Dodging


You had 4 spell levels left.
You didn't know any spells.
Your spell library contained the following spells:

 Spells                   Type           Power      Damage    Failure   Level
 Blink                    Tloc           0%         N/A       54%         2
 Portal Projectile        Hex/Tloc       0%         N/A       77%         3
 Tukima's Dance           Hex            0%         N/A       77%         3
 Blade Hands              Tmut           0%         N/A       100%        5
 Manifold Assault         Tloc           0%         N/A       100%        5
 Summon Forest            Summ/Tloc      0%         N/A       100%        5
 Summon Mana Viper        Hex/Summ       0%         N/A       100%        5
 Summon Cactus Giant      Summ           0%         N/A       100%        6
 Storm Form               Tmut/Air       0%         N/A       100%        7


Dungeon Overview and Level Annotations

Branches:
Dungeon (3/15)

Altars:

Shops:
D:2 !   D:3 :[


Innate Abilities, Weirdness & Mutations

You are partially covered in sharp spines.


Message History

A gnoll comes into view. It is wielding a +0 club.
A gnoll is nearby!
A gnoll is nearby!
The gnoll shouts!
You hear a shout! x2
A gnoll comes into view. It is wielding a +0 spear.
A gnoll comes into view. It is wielding a +0 club.
The gnoll attacks as you move away! The gnoll hits you with a +0 club.
The gnoll attacks as you move away! The gnoll hits you with a +0 club.
You see here 2 atropa-tipped darts.
The gnoll attacks as you move away!
The gnoll is poisoned.
The gnoll hits you with a +0 club. The gnoll is struck by your spines.
The gnoll is heavily wounded.
The gnoll is severely wounded.
The gnoll hits you with a +0 club.
The gnoll is severely wounded.
The gnoll hits you with a +0 club.
You are too injured to fight recklessly!
The gnoll is almost dead.
The gnoll hits you with a +0 club.
The gnoll is almost dead.
The gnoll hits you with a +0 club!
* * * LOW HITPOINT WARNING * * *
The gnoll hits you from afar with a +0 spear.
* * * LOW HITPOINT WARNING * * *
As you read the scroll of teleportation, it crumbles to dust.
You feel strangely unstable. The gnoll is struck by your spines.
You kill the gnoll!
The gnoll hits you from afar with a +0 spear.
* * * LOW HITPOINT WARNING * * *
Your surroundings suddenly seem different.
A gnoll opens the door.
It is wielding a +0 club.
A gnoll is nearby!
The gnoll is poisoned.
The gnoll is moderately wounded.
The gnoll hits you with a +0 club.
* * * LOW HITPOINT WARNING * * *
The gnoll is moderately wounded.
The gnoll hits you with a +0 club.
You die...

#.# #.##.## #.# #.# #.#
####'##..#####.# #.# #.#
#..............# #.# #.#
#..............# #.# #.#
#..............# #.# #.#
#..............#####.# ###.#
#..........(.......#[# ..#.#
#.......g......###.#.# #.#.#
#........@.....# #.#.# ###
#.#.#############..##.###.#.###.#
#.#........).)).................#
#.#######..#######..#.###.#.###.#
..# ##.# ##.#.# #.#.# ###
##########.# #.#.# #.#.#
...........# #...# #.#.#
.####.####.# ##..# #.#.#
.#(.'.'..#.# #..# #.#.#


You could see a gnoll (very poisoned).

Vanquished Creatures
  A hound (D:3)
  Terence (D:3)
  Natasha (thrice) (D:3)
  3 gnolls
  A dart slug (D:1)
  2 orcs (D:3)
  5 bats
  5 endoplasms
  2 giant cockroaches
  9 goblins
  5 hobgoblins
  8 jackals
  3 quokkas
  9 ball pythons
  4 frilled lizards
  A kobold (D:2)
  8 rats
70 creatures vanquished.

Notes
Turn   | Place    | Note
-------+----------+-------------------------------------------
     0 | D:1      | Infinimo the Demonspawn Gladiator began the quest for the
                  | Orb.
     0 | D:1      | Reached XP level 1. HP: 16/16 MP: 1/1
   124 | D:1      | Reached skill level 3 in Maces & Flails
   124 | D:1      | Gained mutation: You are partially covered in sharp spines.
                  | [demonic ancestry]
   124 | D:1      | Reached XP level 2. HP: 22/22 MP: 2/2
   477 | D:1      | Found a faded altar of an unknown god.
   557 | D:1      | Reached XP level 3. HP: 26/28 MP: 3/3
   786 | D:2      | Found Fevamaz's Distillery.
  1406 | D:2      | You fall into a shaft and drop 1 floor!
  1564 | D:3      | Noticed Natasha
  1734 | D:2      | Bought a potion of curing for 33 gold pieces
  1734 | D:2      | Bought a potion of heal wounds for 55 gold pieces
  1765 | D:3      | Killed Natasha
  1766 | D:3      | Reached XP level 4. HP: 15/34 MP: 4/4
  1782 | D:3      | Noticed Natasha
  1955 | D:3      | Killed Natasha
  1956 | D:3      | Reached skill level 4 in Maces & Flails
  2017 | D:3      | Found Caecvyrote's Book Boutique.
  2079 | D:3      | Noticed Natasha
  2146 | D:3      | Killed Natasha
  2147 | D:3      | Reached XP level 5. HP: 38/41 MP: 5/5
  2245 | D:3      | Noticed Terence
  2270 | D:2      | HP: 2/41 [gnoll/+0 club (1)]
  2692 | D:3      | Killed Terence
  3022 | D:3      | Found Ewiusac's Antique Armour Shop.
  3322 | D:3      | Slain by a gnoll

Illustrated notes

Levels and vault maps discovered:
D:1:      minmay_arrival_cross, layout_basic, ebering_ecumenical_altar_box
D:2:      layout_loops_ring, serial_shops, nicolae_diamond_shop
D:3:      minmay_door_path, layout_basic, serial_shops,
          nicolae_shop_window_shopping, nicolae_shop_trees,
          kennysheep_small_spiral, uniq_natasha, uniq_terence

Skill      XL: |  1  2  3  4 |
---------------+-------------+-----
Maces & Flails | 3 4 |  4.6
Dodging        | 3 |  3.8
Fighting       | 3 |  3.4
Throwing       | |  1.7

Action                   |  1- 3 |  4- 6 || total
-------------------------+-------+-------++-------
Melee: Flail             |    85 |       ||    85
       Dagger            |    10 |    61 ||    71
  Use: Scroll            |       |    11 ||    11
       Potion            |       |     2 ||     2
 Stab: Sleeping          |     2 |       ||     2
Armor: Leather armour    |    35 |     7 ||    42
Dodge: Dodged            |    59 |    47 ||   106

Table legend: (Time is in decaauts)
 A = Elapsed time spent in this place.
 B = Non-inter-level travel time spent in this place.
 C = Inter-level travel time spent in this place.
 D = Time resting spent in this place.
 E = Time spent auto-exploring this place.
 F = Levels seen in this place.
 G = Mean time per level.
                   A        B        C        D        E       F      G
               +--------+--------+--------+--------+--------+-----+--------+
         Total |   3365 |   3271 |     94 |    101 |   2690 |   3 | 1121.7 |
       Dungeon |   3365 |   3271 |     94 |    101 |   2690 |   3 | 1121.7 |
               +--------+--------+--------+--------+--------+-----+--------+

Top non-repeatable levels by time:
     D:2: 1352 daAuts
     D:3: 1240 daAuts
     D:1: 772 daAuts
